 Dungeon Crawl Stone Soup version 0.31.0-12-g77e489cdc1 (webtiles) character file.

Game seed: 16473521438785918839

163 Doomgape the Covered (level 5, 0/34 HPs)
             Began as a Gargoyle Fighter on Feb 17, 2024.
             Slain by a gnoll
             ... wielding a +0 spear
              (8 damage)
             ... on level 3 of the Dungeon.
             The game lasted 00:03:11 (2131 turns).

Doomgape the Covered (Gargoyle Fighter)             Turns: 2131, Time: 00:03:11

Health: 0/34       AC: 11    Str: 22    XL:     5   Next: 44%
Magic:  5/5        EV:  9    Int:  8    God:
Gold:   133        SH:  4    Dex:  9    Spells: 4/4 levels left

rFire   . . .        a - +0 flail
rCold   . . .        c - +0 buckler
rNeg    + . .        b - +0 scale mail
rPois   ∞            (no helmet)
rElec   +            (no cloak)
rCorr   .            (no gloves)
SInv    .            (no boots)
Will    .....        (no amulet) Stlth
                     (no ring)
HPRegen 0.25/turn    (no ring)
MPRegen 0.09/turn

%: no passive effects
@: no status effects
A: sickness immunity, AC +4, negative energy resistance 1, electricity
resistance, torment resistance 1, petrification resistance
a: no special abilities


You were on level 3 of the Dungeon.
You visited 1 branch of the dungeon, and saw 3 of its levels.

You collected 133 gold pieces.

Inventory:

Hand Weapons
 a - a +0 flail (weapon)
Armour
 b - a +0 scale mail (worn)
 c - a +0 buckler (worn)
Scrolls
 g - a scroll of poison {unknown}
 j - a scroll of vulnerability {unknown}
 k - 2 scrolls of teleportation {unknown}
 l - 2 scrolls of noise {unknown}
 m - a scroll of identify {unknown}
 p - a scroll of fear {unknown}
 q - a scroll of immolation
 r - a scroll of amnesia {unknown}
Potions
 d - a potion of might
 e - a potion of degeneration {unknown}
 f - a potion of heal wounds {unknown}
 h - 2 potions of cancellation {unknown}
 i - a potion of resistance {unknown}
 n - a potion of ambrosia {unknown}
 o - 2 potions of lignification {unknown}
 s - a potion of brilliance {unknown}


   Skills:
 + Level 4.6 Fighting
 + Level 3.4 Maces & Flails
 + Level 4.6 Armour
 - Level 3.2 Shields


You had 4 spell levels left.
You didn't know any spells.
Your spell library contained the following spells:

 Spells                   Type           Power      Damage    Failure   Level
 Apportation              Tloc           0%         N/A       80%         1
 Necrotise                Necr           0%         1d4       80%         1
 Sting                    Conj/Alch      0%         1d3       80%         1
 Summon Small Mammal      Summ           0%         N/A       80%         1
 Mercury Vapours          Alch/Air       0%         N/A       90%         2
 Mephitic Cloud           Conj/Alch/Air  0%         N/A       99%         3
 Summon Ice Beast         Ice/Summ       0%         N/A       99%         3
 Olgreb's Toxic Radiance  Alch           0%         N/A       100%        4
 Freezing Cloud           Conj/Ice/Air   0%         6-21      100%        5
 Summon Mana Viper        Hex/Summ       0%         N/A       100%        5
 Monstrous Menagerie      Summ           0%         N/A       100%        7


Dungeon Overview and Level Annotations

Branches:
Dungeon (3/15)

Altars:
Gozag


Innate Abilities, Weirdness & Mutations

You are immune to sickness and miasma.
Your stone body is resilient. (AC +4)
You are immune to poison.
You resist negative energy. (rN+)
You are resistant to electric shocks. (rElec)
You are resistant to unholy torment.
You are immune to petrification.


Message History

Found a stone staircase leading down.
A gnoll comes into view. It is wielding a +0 club.
The gnoll shouts!
You hear a shout!
There is a stone staircase leading down here.
A gnoll comes into view. It is wielding a +0 spear.
The gnoll hits you but does no damage.
You closely miss the gnoll.
The gnoll shouts!
You hear a shout!
The gnoll hits you but does no damage. The gnoll closely misses you.
You hit the gnoll.
The gnoll is heavily wounded.
The gnoll hits you from afar with a +0 spear.
The gnoll closely misses you.
You hit the gnoll but do no damage.
The gnoll is heavily wounded.
The gnoll hits you from afar with a +0 spear.
The gnoll barely misses you.
The gnoll hits you from afar with a +0 spear.
The gnoll hits you with a +0 club.
You barely miss the gnoll.
The gnoll is heavily wounded.
The gnoll hits you but does no damage. The gnoll hits you with a +0 club.
You are too injured to fight recklessly!
You are too injured to fight recklessly!
You hit the gnoll but do no damage.
The gnoll is heavily wounded.
The gnoll barely misses you. The gnoll hits you with a +0 club.
You completely miss the gnoll.
The gnoll is heavily wounded.
The gnoll hits you but does no damage. The gnoll closely misses you.
You barely miss the gnoll.
The gnoll is heavily wounded.
The gnoll hits you from afar with a +0 spear.
The gnoll hits you with a +0 club.
* * * LOW HITPOINT WARNING * * *
You closely miss the gnoll.
The gnoll is heavily wounded.
The gnoll closely misses you. x2
The gnoll hits you from afar with a +0 spear!
You die...

##. ..##.. ..#...
..... ### ..#.<. #
#.. . ##.. #.#.# #
#.. #.#.##g# #.#
#.$.@g.# #..
###>#### ##########
#.# #.......## #.#
#.#####.##
#.########.#####.##
#..................
##########.#####.##
#.......# #########


You could see 2 gnolls.

Vanquished Creatures
  A bombardier beetle (D:3)
  7 adders
  2 ribbon worms
  2 dart slugs (D:1)
  An orc (D:3)
  5 bats
  9 endoplasms
  3 giant cockroaches
  4 goblins
  5 hobgoblins
  6 kobolds
  8 ball pythons
  3 frilled lizards
  6 rats
62 creatures vanquished.

Notes
Turn   | Place    | Note
-------+----------+-------------------------------------------
     0 | D:1      | Doomgape the Gargoyle Fighter began the quest for the Orb.
     0 | D:1      | Reached XP level 1. HP: 14/14 MP: 1/1
   131 | D:1      | Reached XP level 2. HP: 19/19 MP: 2/2
   370 | D:1      | Reached XP level 3. HP: 21/24 MP: 3/3
   941 | D:2      | Reached XP level 4. HP: 29/29 MP: 4/4
  1095 | D:2      | Found an opulent altar of Gozag.
  1630 | D:3      | Reached XP level 5. HP: 18/34 MP: 5/5
  1742 | D:3      | Found a faded altar of an unknown god.
  2131 | D:3      | Slain by a gnoll

Illustrated notes

Levels and vault maps discovered:
D:1:      psy_arrival_radial02, layout_loops_ring
D:2:      minmay_evil_eye, layout_basic, basic_altar, st_stairs_11,
          due_unseen_surprise
D:3:      layout_loops_cross, hellmonk_ecumenical_altar_blasted

Skill      XL: |  1  2  3  4 |
---------------+-------------+-----
Fighting       | 4 |  4.6
Armour         | 4 |  4.6
Maces & Flails | 3 |  3.4
Shields        | |  3.2

Action                     |  1- 3 |  4- 6 || total
---------------------------+-------+-------++-------
  Melee: Flail             |    77 |   121 ||   198
 Armour: Scale mail        |    63 |    80 ||   143
  Dodge: Dodged            |    39 |    59 ||    98
  Block: Buckler           |    16 |    20 ||    36
